AoeStats
← Kellokz

Arena

510400652Analyzed
3v3 RM · 1d ago on Sep 30, 2026· 50m 39s· 6 players
Game mode
Random Map
Map size
Normal (6 player)
Population
200
Speed
Normal
Resources
Standard
Victory
Conquest
Starting age
Dark Age
Ending age
Imperial Age
RankedLock teamsTeams togetherTeam positionsShared explorationLock speedFull tech treeHidden civsTurbo modeCheats
Victory
Defeat
🇩🇪 Persians · Germany
1055
+18
🇩🇪 Ethiopians · Germany
1055
+18
🇳🇱 Britons · Netherlands
1037
+19
🇺🇸 Chinese · United States
1177
-21
🇳🇴 Italians · Norway
1159
-21
🇵🇱 Danes · Poland
981
-13
RogerFDM
10:08 Feudal Age
10:38 Loom
16:22 Castle Age
15:02 Double-Bit Axe
15:14 Horse Collar
16:29 Stone Mining
17:30 Bow Saw
22:50 Fletching
27:25 Wheelbarrow
28:22 Hand Cart
32:53 Imperial Age
30:20 Gold Mining
31:53 Gold Shaft Mining
31:58 Masonry
32:09 Ballistics
31:45 Murder Holes
32:00 Padded Archer Armor
31:57 Bodkin Arrow
33:15 Leather Archer Armor
34:07 Fortified Wall
36:16 Elite Longbowman
37:47 Conscription
38:18 Bracer
38:34 Gambesons
38:50 Squires
38:35 Arson
38:11 Pikeman
38:54 Heavy Plow
40:33 Ring Archer Armor
40:03 Scale Mail Armor
40:14 Forging
39:53 Halberdier
41:28 Yeomen
41:12 Warwolf
42:44 Two-Man Saw
43:26 Hoardings
43:58 Chemistry
43:36 Architecture
44:17 Chain Mail Armor
44:38 Iron Casting
44:20 Sappers
46:06 Siege Engineers
48:41 Plate Mail Armor
49:12 Blast Furnace
48:18 Scale Barding Armor
48:15 Town Watch
47:57 Elite Skirmisher
48:00 Cranequins
48:02 Man-at-Arms
50:06 Onager
50:32 Treadmill Crane
50:38 Arrowslits
50:56 Caravan
51:26 Coinage
51:07 Guilds
50:22 Crossbowman
50:22 Heavy Mounted Crossbowman
50:26 Capped Ram
50:33 Heavy Scorpion
Kellokz
11:22 Feudal Age
14:54 Castle Age
12:42 Double-Bit Axe
12:40 Horse Collar
16:27 Wheelbarrow
16:05 Bow Saw
19:13 Heavy Plow
19:17 Fletching
21:13 Hand Cart
27:36 Imperial Age
25:17 Padded Archer Armor
25:37 Gold Mining
25:45 Bodkin Arrow
26:20 Crossbowman
27:06 Thumb Ring
27:38 Arbalester
29:22 Chemistry
28:43 Ballistics
28:28 Bracer
30:12 Siege Engineers
31:50 Gold Shaft Mining
31:51 Leather Archer Armor
39:18 Coinage
40:29 Ring Archer Armor
42:23 Conscription
43:53 Halberdier
44:34 Squires
44:19 Arson
45:02 Torsion Engines
46:58 Caravan
Kauly | TTV
11:44 Feudal Age
15:12 Castle Age
14:06 Double-Bit Axe
14:27 Horse Collar
19:33 Bow Saw
20:28 Heavy Plow
22:03 Wheelbarrow
23:35 Hand Cart
23:19 Loom
24:44 Town Watch
27:19 Coinage
29:44 Imperial Age
27:23 Scale Barding Armor
28:38 Bloodlines
29:02 Husbandry
29:01 Gold Mining
29:42 Forging
30:23 Conscription
30:05 Cavalier
30:32 Light Cavalry
32:54 Chemistry
32:18 Savar
33:37 Iron Casting
34:59 Chain Barding Armor
36:48 Plate Barding Armor
36:55 Hussar
38:35 Elite Skirmisher
39:22 Thumb Ring
39:08 Fletching
39:39 Ballistics
42:25 Blast Furnace
42:50 Bodkin Arrow
48:45 Spies/Treason
Atlicious
9:49 Feudal Age
14:18 Castle Age
14:31 Double-Bit Axe
14:31 Horse Collar
19:28 Loom
22:49 Wheelbarrow
26:16 Scale Barding Armor
26:03 Fletching
27:47 Bloodlines
27:37 Husbandry
29:11 Chain Barding Armor
29:02 Forging
28:47 Bodkin Arrow
28:53 Padded Archer Armor
28:39 Light Cavalry
32:21 Imperial Age
31:19 Iron Casting
31:57 Ballistics
34:11 Chemistry
33:12 Hussar
34:13 Elite Genoese Crossbowman
37:41 Plate Barding Armor
37:06 Bracer
38:12 Blast Furnace
39:31 Leather Archer Armor
39:17 Scale Mail Armor
KoryT
11:24 Feudal Age
12:34 Loom
15:40 Castle Age
14:22 Double-Bit Axe
14:39 Horse Collar
15:53 Scale Mail Armor
16:31 Bow Saw
21:31 Stone Mining
24:36 Heavy Plow
24:34 Gold Mining
27:55 Gold Shaft Mining
27:55 Stone Shaft Mining
27:13 Fletching
28:00 Bodkin Arrow
29:50 Wheelbarrow
29:04 Town Watch
29:56 Ballistics
29:47 Masonry
29:44 Padded Archer Armor
33:36 Imperial Age
31:46 Thumb Ring
31:01 Elite Skirmisher
32:33 Hand Cart
33:40 Leather Archer Armor
33:42 Chain Mail Armor
33:17 Gambesons
33:32 Squires
33:18 Arson
34:07 Forging
34:12 Elite Varangian Guard
sakuzi
7:13 Loom
12:05 Feudal Age
14:54 Fletching
17:38 Castle Age
17:48 Double-Bit Axe
18:13 Fletching
20:18 Crossbowman
24:41 Bodkin Arrow
29:36 Padded Archer Armor
30:00 Ballistics
29:46 Padded Archer Armor
32:00 Horse Collar
32:50 Fortified Wall
32:52 Masonry
33:24 Wheelbarrow
33:37 Bow Saw
37:29 Leather Archer Armor
38:21 Fervor
38:43 Sanctity
39:33 Thumb Ring
44:07 Imperial Age
41:32 Elite Skirmisher
46:44 Chemistry
47:14 Arbalester
Connection lost

Rejoining the realm…

Still unreachable

The connection could not be restored.

Session expired

The server has moved on; the page needs a fresh start.